Map: Вечная империя РВ

Players

Lopatqa - Winner!

  • Race: Protoss Protoss
  • League: Master
  • Spawn Location: 7:00

Kantara

  • Race: Protoss Protoss
  • League: Diamond
  • Spawn Location: 1:00

VOD

Have the link to the VOD?

Description

Time

  • Played on: Dec. 5, 2020, 7:58 a.m.
  • Length: 34:51
Show
View Real Time Build Order
Export as new Build Order

Lopatqa Protoss - Winner!

Build Orders: Carriers, Zealot Archon 

Get SALT Encoding   

  12  0:00  Probe  
  13  0:12  Probe  
  14  0:17  Pylon  
  14  0:24  Probe (Chrono Boost)  
  16  0:37  Probe (Chrono Boost)  
  16  0:38  Gateway  
  16  0:42  Probe (Chrono Boost)  
  16  0:47  Assimilator  
  17  0:53  Probe  
  17  0:55  Assimilator  
  18  1:05  Gateway  
  18  1:08  Probe  
  19  1:21  Probe  
  20  1:28  Cybernetics Core  
  20  1:33  Probe  
  21  1:40  Pylon  
  21  1:53  Probe  
  22  2:05  Stalker, Warp Gate  
  22  2:06  Stalker, Probe  
  27  2:24  Robotics Facility  
  27  2:29  Probe  
  28  2:48  Stalker  
  30  2:53  Pylon  
  30  3:11  Stalker, Nexus  
  32  3:13  Pylon  
  32  3:24  Observer  
  33  3:32  Sentry  
  35  3:36  Probe (Chrono Boost)  
  35  3:41  Stalker  
  38  3:44  Probe (Chrono Boost)  
  38  3:47  Immortal  
  43  3:57  Probe  
  44  4:03  Pylon  
  45  4:10  Sentry, Probe  
  47  4:18  Gateway  
  47  4:22  Probe  
  48  4:30  Immortal  
  52  4:38  Probe  
  52  4:39  Probe  
  54  4:51  Shield Battery  
  54  4:52  Shield Battery  
  53  5:09  Observer  
  53  5:10  Stalker x2  
  58  5:14  Stalker  
  58  5:18  Probe x2 (Chrono Boost)  
  62  5:27  Twilight Council  
  62  5:30  Probe x2 (Chrono Boost)  
  62  5:32  Forge  
  62  5:35  Assimilator  
  64  5:37  Probe x2 (Chrono Boost)  
  64  5:40  Pylon  
  66  5:44  Protoss Ground Weapons Level 1  
  66  5:55  Probe x2  
  66  5:56  Shield Battery  
  68  5:57  Shield Battery  
  68  6:00  Charge (Chrono Boost)  
  68  6:08  Nexus  
  68  6:13  Pylon  
  68  6:21  Probe (Chrono Boost)  
  68  6:22  Probe (Chrono Boost)  
  68  6:23  Assimilator  
  70  6:27  Observer, Assimilator  
  71  6:40  Probe  
  71  6:41  Probe  
  73  6:52  Warp Prism, Probe  
  73  6:53  Probe  
  77  6:58  Gateway  
  77  7:00  Gateway  
  77  7:07  Probe x2  
  79  7:09  Templar Archives  
  79  7:16  Shield Battery  
  79  7:17  Shield Battery  
  79  7:18  Shield Battery  
  79  7:27  Pylon  
  79  7:28  Pylon  
  79  7:33  Gateway x2  
  79  7:35  Gateway  
  79  7:47  Probe x3  
  82  7:52  High Templar  
  82  7:53  High Templar  
  82  7:56  High Templar x2  
  82  7:57  Zealot  
  82  7:58  Archon  
  92  8:00  Protoss Ground Weapons Level 2 (Chrono Boost)  
  92  8:03  Archon  
  92  8:13  Pylon x2, Probe x3  
  95  8:26  Probe x3  
  98  8:29  High Templar x2  
  98  8:31  Zealot x5  
  98  8:32  Zealot  
  98  8:33  Archon  
  114  8:46  Gateway  
  114  8:49  Pylon  
  114  8:50  Gateway, Pylon  
  114  8:53  High Templar x2  
  114  8:54  Zealot x2  
  114  8:55  Zealot x2  
  126  8:58  Shield Battery  
  126  8:59  Archon  
  126  9:15  High Templar x2  
  126  9:16  Zealot x4  
  138  9:19  Archon  
  138  9:48  High Templar x2, Zealot  
  138  9:49  Zealot x2  
  148  9:53  Pylon  
  148  9:54  Pylon  
  148  9:55  Pylon x3  
  148  9:58  Probe, Assimilator  
  148  9:59  Assimilator  
  149  10:01  Protoss Ground Weapons Level 3 (Chrono Boost)  
  149  10:10  Nexus, Pylon  
  149  10:11  Probe x3  
  149  10:12  Assimilator  
  152  10:14  Pylon, Assimilator  
  152  10:18  Archon  
  152  10:23  Probe x3  
  155  10:35  High Templar, Probe x3  
  155  10:36  High Templar, Zealot x3  
  155  10:37  Zealot x5  
  155  10:40  Archon  
  178  10:56  Stargate  
  178  11:02  Stargate  
  178  11:04  Stargate  
  178  11:08  Probe  
  178  11:09  Probe x2  
  181  11:13  Photon Cannon  
  181  11:16  Photon Cannon  
  181  11:18  Photon Cannon  
  181  11:19  High Templar x2  
  181  11:20  Shield Battery  
  181  11:21  Zealot x2  
  181  11:22  Shield Battery  
  181  11:25  Archon  
  189  11:41  Probe x3  
  189  11:43  Probe  
  193  11:49  Pylon  
  193  11:53  Fleet Beacon  
  193  12:01  Protoss Air Weapons Level 1 (Chrono Boost)  
  193  12:02  Pylon  
  192  12:09  Observer (Chrono Boost)  
  193  12:22  Observer (Chrono Boost)  
  193  12:23  Photon Cannon x2  
  193  12:25  Shield Battery, Photon Cannon x2  
  193  12:27  Shield Battery  
  194  12:32  Photon Cannon x2  
  194  12:36  Photon Cannon x2  
  194  12:38  Photon Cannon x2, Pylon  
  194  12:41  Photon Cannon  
  194  12:42  Photon Cannon  
  194  12:43  Photon Cannon  
  194  12:46  Photon Cannon  
  186  13:16  Carrier (Chrono Boost)  
  186  13:17  Carrier (Chrono Boost)  
  196  13:21  Zealot x2  
  196  13:38  Carrier (Chrono Boost)  
  190  13:43  Protoss Ground Armor Level 1 (Chrono Boost)  
  168  13:52  High Templar x2  
  168  13:54  Zealot x5  
  168  13:55  Zealot x3  
  178  13:59  Archon  
  178  14:01  Protoss Air Weapons Level 2 (Chrono Boost)  
  178  14:14  Carrier (Chrono Boost), Stargate  
  178  14:15  Carrier (Chrono Boost)  
  178  14:21  Stargate  
  190  14:32  Carrier (Chrono Boost)  
  196  14:44  Stargate x2  
  188  14:46  Zealot x6  
  200  14:57  Cybernetics Core  
  192  15:04  Carrier (Chrono Boost)  
  192  15:05  Carrier (Chrono Boost)  
  200  15:26  Nexus  
  200  15:29  Pylon  
  200  15:30  Pylon  
  200  15:32  Pylon  
  200  15:36  Assimilator  
  200  15:41  Assimilator  
  186  15:46  Carrier (Chrono Boost)  
  192  15:56  Carrier (Chrono Boost)  
  192  15:57  Carrier (Chrono Boost)  
  190  16:11  Shield Battery  
  190  16:12  Shield Battery  
  190  16:14  Shield Battery, Carrier  
  190  16:16  Shield Battery  
  190  16:18  Shield Battery  
  196  16:30  Protoss Shields Level 1 (Chrono Boost)  
  196  16:36  Photon Cannon  
  196  16:38  Photon Cannon  
  196  16:40  Pylon  
  196  16:42  Shield Battery  
  196  16:43  Shield Battery  
  196  16:54  Protoss Air Weapons Level 3 (Chrono Boost), Protoss Air Armor Level 1 (Chrono Boost)  
  192  17:05  Carrier  
  187  17:16  High Templar x7  
  187  17:17  Zealot x3  
  187  17:20  Archon x3  
  195  17:57  Photon Cannon  
  193  17:59  Photon Cannon  
  193  18:22  Pylon  
  193  18:24  Photon Cannon  
  193  18:26  Photon Cannon x2  
  193  18:28  Photon Cannon x2  
  193  18:30  Protoss Shields Level 2 (Chrono Boost), Photon Cannon, Pylon  
  193  18:34  Photon Cannon  
  193  18:35  Pylon  
  193  18:42  Carrier, Pylon  
  193  18:48  Pylon  
  199  18:49  Dark Shrine  
  199  18:55  Pylon  
  199  19:01  Pylon  
  199  19:07  Pylon  
  199  19:11  Pylon  
  199  19:27  Nexus  
  199  19:30  Pylon  
  199  19:31  Pylon  
  199  19:34  Unknown  
  199  19:52  Tempest  
  199  20:07  Protoss Air Armor Level 2 (Chrono Boost)  
  199  20:11  Shield Battery  
  199  20:13  Shield Battery  
  199  20:15  Shield Battery  
  199  20:17  Shield Battery x2  
  199  20:19  Shield Battery  
  199  20:28  Photon Cannon  
  199  20:30  Photon Cannon  
  199  20:32  Photon Cannon  
  199  20:33  Photon Cannon  
  199  20:35  Photon Cannon  
  199  20:37  Photon Cannon  
  199  20:39  Photon Cannon  
  199  20:40  Photon Cannon  
  199  20:45  Stargate  
  199  20:48  Stargate  
  199  20:51  Stargate  
  199  20:56  Stargate  
  199  21:07  Pylon  
  198  21:40  High Templar  
  198  21:45  Archon  
  200  22:04  Blink  
  200  22:49  Shield Battery x2  
  200  22:50  Photon Cannon  
  200  22:51  Shield Battery, Photon Cannon x2  
  192  22:53  Shield Battery, Photon Cannon  
  192  22:54  Photon Cannon  
  192  22:56  Photon Cannon, Dark Templar x4  
  192  22:57  Shield Battery, Photon Cannon  
  200  22:58  Photon Cannon  
  200  22:59  Shadow Stride  
  200  23:02  Shield Battery  
  188  23:24  Dark Templar x5  
  198  23:33  Dark Templar  
  200  23:50  Photon Cannon  
  200  23:51  Photon Cannon x2  
  200  23:53  Shield Battery  
  196  23:56  Shield Battery  
  196  23:59  Shield Battery  
  196  24:01  Carrier  
  194  24:20  Carrier  
  200  24:38  Protoss Shields Level 3  
  200  25:11  Carrier x2  
  200  25:57  Nexus  
  200  26:01  Assimilator  
  200  26:02  Shield Battery x3  
  200  26:04  Shield Battery, Photon Cannon  
  200  26:05  Assimilator  
  200  26:06  Photon Cannon  
  200  26:07  Photon Cannon x2  
  200  26:09  Photon Cannon, Pylon  
  200  26:10  Photon Cannon, Pylon x2  
  200  26:12  Pylon x2  
  200  26:13  Pylon  
  200  26:24  Pylon  
  171  26:33  Carrier (Chrono Boost)  
  171  26:34  Carrier (Chrono Boost)  
  171  26:36  Carrier (Chrono Boost)  
  147  26:54  Carrier x4 (Chrono Boost)  
  147  26:55  Carrier (Chrono Boost)  
  177  27:15  Photon Cannon x2  
  173  27:17  Photon Cannon  
  173  27:20  Photon Cannon  
  173  27:22  Photon Cannon  
  169  27:23  Photon Cannon  
  169  27:25  Photon Cannon  
  169  27:27  Photon Cannon  
  169  27:29  Shield Battery  
  169  27:31  Shield Battery  
  169  27:32  Shield Battery  
  169  27:34  Shield Battery  
  169  27:36  Carrier (Chrono Boost)  
  175  27:40  Photon Cannon  
  175  27:42  Photon Cannon  
  181  27:58  Carrier  
  181  28:00  Nexus  
  181  28:10  Shield Battery  
  181  28:11  Shield Battery  
  181  28:12  Shield Battery  
  181  28:16  Shield Battery  
  181  28:19  Photon Cannon  
  181  28:22  Photon Cannon  
  181  28:56  Carrier x2 (Chrono Boost)  
  181  28:57  Carrier (Chrono Boost)  
  199  29:14  Pylon  
  199  29:15  Unknown  
  199  29:17  Shield Battery  
  199  29:18  Shield Battery  
  199  29:20  Shield Battery  
  199  29:44  Protoss Ground Armor Level 2  
  194  30:15  Dark Templar x3  
  200  31:22  Photon Cannon x2  
  200  31:23  Photon Cannon  
  194  31:28  Unknown  
  182  31:40  Dark Templar x3  
  182  31:41  Dark Templar x5  
  182  31:42  Dark Templar  
  174  32:01  Carrier x2 (Chrono Boost)  
  174  32:02  Carrier x2 (Chrono Boost)  
  174  32:03  Carrier x2 (Chrono Boost)  
  174  32:04  Carrier (Chrono Boost)  
  168  32:17  Carrier x2 (Chrono Boost)  
  128  33:00  Carrier x4 (Chrono Boost)  
  170  33:07  Carrier x3 (Chrono Boost)  
  170  33:09  High Templar x6  
  170  33:10  High Templar x4  
  182  33:21  Archon x3  
  182  33:22  Archon  
  182  33:23  Archon  
  194  33:33  Carrier x2 (Chrono Boost)  
  194  33:40  Unknown  
  199  34:38  Pylon  
Show
View Real Time Build Order
Export as new Build Order

Kantara Protoss 

Build Orders: Oracle Opening, Carriers, Zealot Archon 

Get SALT Encoding   

  12  0:00  Probe  
  13  0:13  Probe  
  14  0:18  Pylon  
  14  0:26  Probe (Chrono Boost)  
  15  0:38  Probe (Chrono Boost)  
  15  0:41  Gateway  
  16  0:46  Assimilator  
  16  0:47  Probe (Chrono Boost)  
  17  0:55  Assimilator  
  17  0:58  Probe  
  18  1:10  Probe  
  19  1:12  Gateway  
  19  1:22  Probe  
  20  1:28  Cybernetics Core  
  20  1:37  Pylon  
  20  1:42  Probe  
  21  1:54  Probe  
  22  2:05  Stalker  
  22  2:06  Probe  
  25  2:09  Stalker  
  25  2:13  Warp Gate  
  27  2:24  Stargate  
  27  2:27  Probe  
  28  2:48  Stalker  
  28  2:50  Probe  
  31  2:59  Pylon  
  31  3:17  Stalker, Oracle, Probe  
  37  3:30  Probe  
  38  3:37  Nexus  
  38  3:44  Probe  
  39  3:56  Shield Battery  
  39  4:08  Pylon  
  39  4:18  Pylon  
  39  4:26  Probe, Oracle  
  43  4:31  Twilight Council  
  43  4:36  Forge  
  43  4:39  Probe  
  43  4:42  Pylon  
  44  4:51  Probe  
  45  4:59  Protoss Ground Weapons Level 1  
  45  5:16  Charge (Chrono Boost)  
  45  5:18  Probe (Chrono Boost)  
  45  5:21  Probe (Chrono Boost)  
  47  5:27  Assimilator  
  48  5:29  Probe (Chrono Boost)  
  48  5:32  Assimilator  
  48  5:33  Probe (Chrono Boost)  
  48  5:34  Probe (Chrono Boost)  
  49  5:36  Templar Archives  
  49  5:37  Gateway  
  49  5:39  Gateway  
  49  5:42  Probe  
  51  5:46  Probe  
  52  5:54  Probe  
  53  5:58  Probe  
  54  6:06  Probe  
  54  6:08  Nexus  
  54  6:10  Probe  
  56  6:39  Probe x2  
  55  6:46  High Templar x4  
  63  6:51  Probe (Chrono Boost)  
  65  6:56  Probe (Chrono Boost)  
  65  6:57  Gateway x2  
  65  6:59  Gateway  
  65  7:01  Gateway, Probe (Chrono Boost)  
  66  7:05  Probe (Chrono Boost)  
  66  7:06  Probe (Chrono Boost)  
  68  7:09  Archon  
  68  7:10  Archon  
  68  7:15  Phoenix, Probe  
  71  7:17  Probe  
  71  7:22  Robotics Facility  
  72  7:25  Pylon  
  72  7:28  Pylon  
  72  7:30  High Templar x2  
  72  7:31  High Templar, Gateway  
  72  7:32  Gateway  
  72  7:34  Probe x2  
  80  7:37  Pylon  
  80  7:41  High Templar  
  80  7:43  Archon  
  82  7:46  Archon  
  82  7:54  Pylon  
  82  7:57  Shield Battery, Protoss Ground Weapons Level 2 (Chrono Boost), Probe  
  82  7:58  Pylon, Probe x2  
  85  7:59  Zealot x3  
  91  8:10  Observer (Chrono Boost)  
  92  8:20  Shield Battery, Probe  
  92  8:21  Probe  
  92  8:23  Warp Prism (Chrono Boost)  
  96  8:30  Photon Cannon  
  96  8:32  High Templar x2  
  96  8:33  Photon Cannon  
  96  8:34  Probe x3  
  102  8:41  Assimilator  
  103  8:44  Assimilator  
  103  8:50  Gateway  
  103  8:53  Gateway  
  103  8:54  Gateway  
  103  8:57  Protoss Air Weapons Level 1  
  103  8:58  Pylon  
  103  9:02  Archon  
  103  9:04  Zealot x4  
  111  9:15  High Templar x2  
  111  9:17  Probe x3  
  118  9:29  Probe  
  119  9:42  Zealot x6  
  119  9:43  Zealot x2  
  132  9:48  Pylon  
  132  9:51  Pylon  
  131  9:54  Archon, Pylon  
  131  9:55  Zealot x5  
  141  10:01  Pylon  
  141  10:05  Pylon  
  141  10:08  Pylon  
  141  10:13  High Templar x7  
  155  10:18  Archon x3  
  155  10:24  Protoss Ground Weapons Level 3 (Chrono Boost)  
  155  10:35  Zealot x6  
  167  10:49  High Templar x2  
  171  11:06  Archon  
  171  11:08  High Templar x3, Nexus  
  171  11:09  Zealot x3  
  171  11:10  Zealot  
  185  11:11  Pylon  
  185  11:14  Pylon  
  185  11:16  Pylon  
  185  11:18  Assimilator  
  185  11:20  Archon x2  
  185  11:23  Assimilator  
  185  11:29  Photon Cannon  
  185  11:32  Photon Cannon, Pylon x2  
  185  11:34  Pylon  
  185  11:35  Observer  
  185  11:36  Pylon  
  185  11:37  Pylon  
  186  11:40  High Templar x3  
  186  11:42  Zealot x4  
  186  11:45  Archon  
  200  12:04  Protoss Air Armor Level 1 (Chrono Boost)  
  200  12:06  Fleet Beacon  
  200  12:19  Shield Battery  
  200  12:21  Photon Cannon  
  200  12:23  Photon Cannon  
  200  12:25  Photon Cannon  
  200  12:27  Photon Cannon  
  200  12:30  Photon Cannon  
  200  12:43  Shield Battery  
  200  12:44  Shield Battery  
  200  12:46  Photon Cannon x2  
  200  12:52  Stargate  
  200  12:54  Stargate  
  200  12:56  Protoss Shields Level 1 (Chrono Boost)  
  200  12:58  Stargate  
  174  13:51  Carrier (Chrono Boost)  
  174  13:52  Carrier x2 (Chrono Boost)  
  188  14:03  Protoss Air Weapons Level 2 (Chrono Boost)  
  188  14:06  Probe x2  
  188  14:07  Probe x2  
  174  14:45  High Templar  
  174  14:49  Photon Cannon x2  
  174  14:51  Photon Cannon  
  176  14:56  Carrier x3  
  176  14:59  Photon Cannon  
  194  15:03  Photon Cannon  
  194  15:05  Photon Cannon  
  194  15:06  Observer  
  194  15:08  Observer  
  194  15:09  Pylon  
  194  15:12  Pylon  
  195  15:14  Pylon  
  195  15:15  Probe x2  
  195  15:16  Probe x2  
  195  15:17  Pylon  
  199  15:27  Probe  
  200  15:36  Protoss Shields Level 2  
  197  15:49  Zealot  
  195  15:50  Zealot x2  
  199  16:03  Robotics Bay, Robotics Facility  
  199  16:04  Probe  
  199  16:10  Observer  
  196  16:59  Protoss Air Weapons Level 3 (Chrono Boost)  
  196  17:00  Photon Cannon  
  196  17:02  Photon Cannon  
  196  17:04  Photon Cannon  
  196  17:05  Photon Cannon  
  158  17:21  Probe (Chrono Boost)  
  158  17:22  Probe (Chrono Boost)  
  150  17:25  Probe x2 (Chrono Boost)  
  150  17:33  Probe (Chrono Boost)  
  150  17:35  Observer  
  150  17:36  Probe x2 (Chrono Boost)  
  154  17:39  Archon  
  154  17:43  Probe (Chrono Boost)  
  156  17:46  Probe (Chrono Boost)  
  156  17:48  Probe (Chrono Boost)  
  158  17:51  Probe (Chrono Boost)  
  158  17:53  Probe (Chrono Boost)  
  158  17:57  Probe (Chrono Boost)  
  161  17:58  Probe (Chrono Boost)  
  161  18:08  Assimilator  
  161  18:12  Probe, Assimilator  
  162  18:13  Probe x3  
  168  18:27  Probe (Chrono Boost)  
  168  18:29  Probe (Chrono Boost)  
  168  18:32  Probe x2 (Chrono Boost)  
  169  18:39  Probe (Chrono Boost)  
  169  18:40  Probe (Chrono Boost)  
  171  18:50  Probe x2  
  165  19:16  Nexus, Probe  
  165  19:17  Probe x2  
  168  19:19  Disruptor  
  168  19:22  Carrier  
  177  19:33  Unknown  
  177  19:34  Pylon  
  177  19:35  Pylon  
  177  19:38  Probe x2  
  179  20:01  Protoss Air Armor Level 2  
  179  20:13  Probe x4  
  183  20:16  Carrier  
  183  20:17  Disruptor  
  192  20:25  Probe  
  192  20:27  Carrier  
  199  20:47  Nexus  
  199  20:57  Pylon  
  199  20:58  Pylon  
  199  21:02  Pylon, Probe  
  200  21:07  Assimilator  
  200  21:10  Assimilator  
  197  21:43  Nexus  
  197  21:45  Assimilator x2  
  198  21:47  Probe  
  198  22:04  Probe  
  198  22:05  Probe  
  176  22:31  Carrier  
  176  22:32  Carrier x3  
  199  22:42  Probe  
  195  23:05  Nexus  
  195  23:09  Pylon x2  
  195  23:11  Pylon  
  165  23:24  Protoss Shields Level 3  
  165  23:26  Disruptor  
  168  23:29  Disruptor  
  171  23:40  Photon Cannon  
  171  23:41  Photon Cannon  
  171  23:43  Protoss Air Armor Level 3 (Chrono Boost)  
  171  23:44  Photon Cannon  
  171  23:46  Shield Battery  
  171  23:47  Shield Battery  
  156  24:36  Probe x2  
  156  24:37  Probe x2  
  160  24:41  Unknown  
  160  24:53  Probe x5  
  165  25:05  Probe x4  
  169  25:30  Observer  
  169  25:39  Probe x4  
  173  26:08  Nexus  
  174  26:11  Probe x4  
  133  26:44  Carrier x2 (Chrono Boost)  
  133  26:46  Carrier (Chrono Boost)  
  147  27:14  Nexus  
  147  27:23  Probe  
  147  27:24  Probe x4  
  152  27:36  Probe x2  
  154  27:42  Carrier (Chrono Boost)  
  160  27:46  Carrier (Chrono Boost)  
  160  27:49  Protoss Ground Armor Level 1  
  166  27:52  Carrier (Chrono Boost)  
  172  28:10  Mothership (Chrono Boost)  
  180  28:29  Assimilator  
  180  28:33  Assimilator  
  180  28:39  Carrier (Chrono Boost)  
  186  28:44  Carrier (Chrono Boost)  
  192  28:58  Pylon  
  192  28:59  Pylon  
  190  29:30  Shield Battery  
  190  29:31  Shield Battery  
  190  29:34  Shield Battery  
  190  29:36  Photon Cannon  
  190  29:37  Photon Cannon  
  190  29:45  Stalker x2  
  190  29:46  Stalker x2  
  186  30:51  Nexus  
  186  31:00  Pylon, Assimilator  
  186  31:01  Assimilator  
  182  31:14  Fleet Beacon  
  182  31:15  Stargate  
  182  31:16  Stargate  
  101  32:35  Carrier (Chrono Boost)  
  86  32:37  Mothership (Chrono Boost)  
  98  32:45  Carrier (Chrono Boost)  
  98  33:00  Nexus  
  98  33:03  Carrier (Chrono Boost)  
  109  33:13  Carrier (Chrono Boost)  
  109  33:23  Carrier (Chrono Boost), Photon Cannon x2  
  109  33:25  Pylon  
  109  33:27  Pylon  
  109  33:28  Photon Cannon x2  
  109  33:32  Probe  
  109  33:33  Carrier  
  116  33:44  Probe  
  123  33:58  Probe (Chrono Boost)  
  131  34:13  Probe (Chrono Boost)  
  131  34:16  Probe (Chrono Boost)  
  131  34:20  Probe  
  133  34:26  Probe  
  133  34:30  Probe  
  135  34:32  Probe  
Tags
 
Add a new tag
Caveats
  • Supply blocks, unpowered buildings, or Contaminate may cause inaccurate times.
  • Supply counts are checked every 10 seconds.